 Dungeon Crawl Stone Soup version 0.29.0-4-gdea44cf6ec (webtiles) character file.

Game seed: 5837056972933753898

2907 qw the Grappler (level 9, -4/88 HPs)
             Began as a Troll Cinder Acolyte on Sept 2, 2022.
             Was an Elder of Ignis.
             Engulfed by a cloud of flame (7 damage)
             ... on level 6 of the Dungeon.
             The game lasted 00:03:32 (4796 turns).

qw the Grappler (Troll Cinder Acolyte)              Turns: 4796, Time: 00:03:33

Health: -4/88      AC:  5    Str: 28    XL:     9   Next: 49%
Magic:  9/9        EV:  8    Int: 10    God:    Ignis [****..]
Gold:   423        SH:  5    Dex:  5    Spells: 10/10 levels left

rFire   + . .      SeeInvis .     - Unarmed
rCold   . . .      Faith    .   e - +0 kite shield
rNeg    . . .      Spirit   .   a - +0 robe
rPois   .          Reflect  .   (helmet restricted)
rElec   .          Harm     .   j - +0 cloak
rCorr   +          Rampage  .   (gloves unavailable)
Will    .....                   (boots unavailable)
Stlth   +.........              k - amulet of regeneration
HPRegen 1.84/turn               l - ring of resist corrosion
MPRegen 0.11/turn               (no ring)

@: no status effects
A: large, unfitting armour, claws 3, regeneration 1, shaggy fur 1, tough skin 1
a: Renounce Religion, Fiery Armour, Foxfire Swarm, Rising Flame


You were on level 6 of the Dungeon.
You worshipped Ignis.
Ignis was greatly pleased with you.
You visited 1 branch of the dungeon, and saw 6 of its levels.

You collected 423 gold pieces.


Innate Abilities, Weirdness & Mutations

You are too large for most types of armour.
You have claws for hands.
Your natural rate of healing is unusually fast.
You are covered in fur. (AC +1)
You have tough skin. (AC +1)


   Skills:
 - Level 5.0 Fighting
 - Level 1.4 Dodging
 + Level 0.5 Shields
 - Level 12.1 Unarmed Combat
 - Level 1.0 Spellcasting
 - Level 2.1 Fire Magic


You had 10 spell levels left.
You didn't know any spells.
Your spell library contained the following spells:

 Spells                   Type           Power      Damage    Failure   Level
 Scorch                   Fire           8%         2d5       50%         2

Inventory:

Armour
 a - a +0 robe (worn)
 e - a +0 kite shield (worn)
 j - a +0 cloak (worn)
Jewellery
 k - an amulet of regeneration (around neck)
 l - a ring of resist corrosion (left claw)
Scrolls
 b - a scroll of identify
 c - 4 scrolls of enchant weapon
Potions
 d - a potion of cancellation
 f - a potion of curing
 g - a potion of might
 h - a potion of heal wounds
 m - a potion of magic {unknown}

Dungeon Overview and Level Annotations

Branches:
Dungeon (6/15)
 Temple: D:4-7

Altars:
Cheibriados
Elyvilon
Qazlal

Shops:
D:3 (

Annotations:
D:4 2 runed translucent doors, Gexab's ghost, amateur TeWr


Message History

You're standing in a cloud of flame!
You are engulfed in blazing flames.
You resist.
You start resting.
Your fiery armour burns out.
You're standing in a cloud of flame!
You're standing in a cloud of flame!
You are engulfed in blazing flames.
You resist.
You're standing in a cloud of flame!
You are engulfed in blazing flames.
You resist.
You start resting.
You're standing in a cloud of flame!
You're standing in a cloud of flame!
You are engulfed in blazing flames.
You resist.
You're standing in a cloud of flame!
You are engulfed in blazing flames.
You resist.
You're standing in a cloud of flame!
You are engulfed in blazing flames.
You resist.
You're standing in a cloud of flame!
You are engulfed in blazing flames.
You resist.
You're standing in a cloud of flame!
You are engulfed in blazing flames.
You resist.
You start resting.
You're standing in a cloud of flame!
You're standing in a cloud of flame!
You are engulfed in blazing flames.
You resist.
You start resting.
You're standing in a cloud of flame!
You're standing in a cloud of flame!
You are engulfed in blazing flames.
You resist.
You start resting.
You're standing in a cloud of flame!
You're standing in a cloud of flame!
You are engulfed in blazing flames.
You resist.
You're standing in a cloud of flame!
You are engulfed in blazing flames.
You resist.
You're standing in a cloud of flame!
You are engulfed in blazing flames.
You resist.
You're standing in a cloud of flame!
You are engulfed in blazing flames.
You resist.
You die...

.....
#.......#.....#
#####
#.......#...0.#0.
##.#
#.......#...0.00..
...#
#.......#.####¤###
...# .......#.# ¤#
...# .......'.#
¤## ...#
.......#0########
..##
.........0¤¤#8#¤¤
#'#
........@########
..# .........# ##
..# .........# ..#
.......#.# .##
.......#.. ##
......### .$....
#####


There were no monsters in sight!

Vanquished Creatures
  Pikel (D:5)
  Prince Ribbit (D:6)
  A black bear (D:5)
  An ice beast (D:5)
  A sky beast (D:6)
  3 ogres
  A centaur (D:6)
  6 phantoms
  3 lemures (D:5)
  A gnoll sergeant (D:6)
  A bullfrog (D:4)
  5 scorpions
  6 hounds
  2 orc priests
  A gnoll bouda (D:4)
  2 jellies (D:5)
  6 iguanas
  An orc wizard (D:6)
  Robin (D:2)
  12 gnolls
  2 adders
  An ufetubus (D:4)
  A worm (D:2)
  A dart slug (D:5)
  23 orcs
  6 ball pythons
  11 endoplasms
  A giant cockroach (D:3)
  17 goblins
  8 hobgoblins
  7 jackals
  9 kobolds
  6 quokkas
  6 bats
  5 frilled lizards
  6 rats (D:1)
166 creatures vanquished.

Notes
Turn   | Place    | Note
-------+----------+-------------------------------------------
     0 | D:1      | qw the Troll Cinder Acolyte began the quest for the Orb.
     0 | D:1      | Reached XP level 1. HP: 22/22 MP: 1/1
     0 | D:1      | 0 ||| qw: Version: 0.1-a-97-g2dd2ca4
     0 | D:1      | 0 ||| qw: Game counter: 4927
     0 | D:1      | 0 ||| qw: Always use a shield: true
     0 | D:1      | 0 ||| qw: God list: Okawaru
     0 | D:1      | 0 ||| qw: Allow faded altars: false
     0 | D:1      | 0 ||| qw: Do Orc after D:15 true
     0 | D:1      | 0 ||| qw: Do second Lair branch before Depths: true
     0 | D:1      | 0 ||| qw: Lair rune preference: random
     0 | D:1      | 0 ||| qw: Plans: Normal
     0 | D:1      | 0 ||| PLANNING D:1-11
   108 | D:1      | 108 ||| Stepping ~*~*~tactically~*~*~ (stealth).
   171 | D:1      | Reached XP level 2. HP: 29/29 MP: 2/2
   504 | D:1      | Reached skill level 4 in Unarmed Combat
   728 | D:1      | Found a faded altar of an unknown god.
   729 | D:1      | 729 ||| DROPPING orb of light.
   730 | D:1      | 730 ||| READING 3 scrolls labelled VORHIO CO VEISH.
   731 | D:1      | 731 ||| READING scroll labelled VOL PODETRUUC.
   732 | D:1      | 732 ||| READING 2 scrolls labelled XELIAS LOSK.
   733 | D:1      | 733 ||| DRINKING 2 fuming pink potions.
   734 | D:1      | 734 ||| DROPPING 2 scrolls of poison.
   735 | D:1      | 735 ||| DROPPING potion of degeneration.
   736 | D:1      | 736 ||| Stepping randomly (stuck).
   737 | D:1      | 737 ||| Stepping ~*~*~tactically~*~*~ (cloud).
   811 | D:2      | Reached XP level 3. HP: 36/36 MP: 3/3
   811 | D:2      | 811 ||| Stepping ~*~*~tactically~*~*~ (stealth).
   850 | D:2      | 850 ||| Stepping ~*~*~tactically~*~*~ (stealth).
   874 | D:2      | 874 ||| Stepping ~*~*~tactically~*~*~ (outnumbered).
   875 | D:2      | 875 ||| Stepping ~*~*~tactically~*~*~ (outnumbered).
   876 | D:2      | 876 ||| Stepping ~*~*~tactically~*~*~ (outnumbered).
   878 | D:2      | 878 ||| Stepping ~*~*~tactically~*~*~ (outnumbered).
   880 | D:2      | 880 ||| Stepping ~*~*~tactically~*~*~ (outnumbered).
   881 | D:2      | 881 ||| Stepping ~*~*~tactically~*~*~ (outnumbered).
   882 | D:2      | 882 ||| Stepping ~*~*~tactically~*~*~ (outnumbered).
   883 | D:2      | 883 ||| Stepping ~*~*~tactically~*~*~ (outnumbered).
   884 | D:2      | 884 ||| Stepping ~*~*~tactically~*~*~ (outnumbered).
   885 | D:2      | 885 ||| Stepping ~*~*~tactically~*~*~ (outnumbered).
   886 | D:2      | 886 ||| Stepping ~*~*~tactically~*~*~ (outnumbered).
   887 | D:2      | 887 ||| Stepping ~*~*~tactically~*~*~ (outnumbered).
   888 | D:2      | 888 ||| STAIRDANCE
   890 | D:1      | 890 ||| Stepping ~*~*~tactically~*~*~ (outnumbered).
   988 | D:2      | Noticed Robin
   989 | D:2      | 989 ||| INVOKING Fiery Armour.
   999 | D:2      | Killed Robin
  1004 | D:2      | 1004 ||| Stepping ~*~*~tactically~*~*~ (outnumbered).
  1005 | D:2      | 1005 ||| Stepping ~*~*~tactically~*~*~ (outnumbered).
  1006 | D:2      | 1006 ||| Stepping ~*~*~tactically~*~*~ (outnumbered).
  1007 | D:2      | 1007 ||| Stepping ~*~*~tactically~*~*~ (outnumbered).
  1084 | D:2      | Reached XP level 4. HP: 43/44 MP: 4/4
  1200 | D:2      | Reached skill level 5 in Unarmed Combat
  1304 | D:2      | 1304 ||| READING scroll labelled ZYALUNW CUALY.
  1305 | D:2      | 1305 ||| DRINKING 3 brown potions.
  1306 | D:2      | 1306 ||| DRINKING 2 glowing emerald potions.
  1307 | D:2      | 1307 ||| DROPPING 2 potions of flight.
  1308 | D:2      | 1308 ||| DROPPING potion of invisibility.
  1743 | D:3      | Found Cinewk's Antique Weapon Boutique.
  1788 | D:3      | 1788 ||| Stepping ~*~*~tactically~*~*~ (outnumbered).
  1789 | D:3      | 1789 ||| Stepping ~*~*~tactically~*~*~ (outnumbered).
  1790 | D:3      | 1790 ||| Stepping ~*~*~tactically~*~*~ (outnumbered).
  1793 | D:3      | 1793 ||| Stepping ~*~*~tactically~*~*~ (outnumbered).
  1794 | D:3      | 1794 ||| Stepping ~*~*~tactically~*~*~ (outnumbered).
  1795 | D:3      | 1795 ||| Stepping ~*~*~tactically~*~*~ (outnumbered).
  1798 | D:3      | 1798 ||| Stepping ~*~*~tactically~*~*~ (outnumbered).
  1799 | D:3      | 1799 ||| Stepping ~*~*~tactically~*~*~ (outnumbered).
  1800 | D:3      | 1800 ||| Stepping ~*~*~tactically~*~*~ (outnumbered).
  1801 | D:3      | 1801 ||| Stepping ~*~*~tactically~*~*~ (outnumbered).
  1802 | D:3      | 1802 ||| Stepping ~*~*~tactically~*~*~ (outnumbered).
  1803 | D:3      | 1803 ||| Stepping ~*~*~tactically~*~*~ (outnumbered).
  1915 | D:3      | 1915 ||| INVOKING Fiery Armour.
  2064 | D:3      | 2064 ||| UPGRADING to amulet of regeneration.
  2069 | D:3      | 2069 ||| UPGRADING to ring of resist corrosion.
  2070 | D:3      | 2070 ||| READING scroll labelled SOLEUPHI SULE.
  2071 | D:3      | 2071 ||| READING scroll labelled YCUMENT JAMI.
  2072 | D:3      | 2072 ||| READING scroll labelled IMEUSU XEMUWNIL.
  2084 | D:3      | 2084 ||| DRINKING 2 lumpy black potions.
  2097 | D:4      | 2097 ||| Stepping ~*~*~tactically~*~*~ (stealth).
  2099 | D:4      | 2099 ||| Stepping ~*~*~tactically~*~*~ (stealth).
  2101 | D:4      | 2101 ||| Stepping ~*~*~tactically~*~*~ (hiding).
  2102 | D:4      | 2102 ||| STAIRDANCE
  2105 | D:3      | Reached XP level 5. HP: 50/50 MP: 5/5
  2211 | D:4      | Reached skill level 6 in Unarmed Combat
  2211 | D:4      | 2211 ||| Stepping ~*~*~tactically~*~*~ (outnumbered).
  2212 | D:4      | 2212 ||| Stepping ~*~*~tactically~*~*~ (outnumbered).
  2213 | D:4      | 2213 ||| Stepping ~*~*~tactically~*~*~ (outnumbered).
  2214 | D:4      | 2214 ||| Stepping ~*~*~tactically~*~*~ (outnumbered).
  2215 | D:4      | 2215 ||| Stepping ~*~*~tactically~*~*~ (outnumbered).
  2217 | D:4      | 2217 ||| Stepping ~*~*~tactically~*~*~ (outnumbered).
  2219 | D:4      | 2219 ||| Stepping ~*~*~tactically~*~*~ (outnumbered).
  2279 | D:4      | 2279 ||| Stepping ~*~*~tactically~*~*~ (outnumbered).
  2370 | D:4      | 2370 ||| INVOKING Fiery Armour.
  2400 | D:4      | Reached XP level 6. HP: 59/59 MP: 6/6
  2403 | D:4      | Reached skill level 7 in Unarmed Combat
  2480 | D:4      | Found a stormy altar of Qazlal.
  2488 | D:4      | Found a white marble altar of Elyvilon.
  2551 | D:4      | Reached skill level 8 in Unarmed Combat
  2552 | D:4      | Reached XP level 7. HP: 59/66 MP: 7/7
  2597 | D:4      | 2597 ||| Stepping ~*~*~tactically~*~*~ (stealth).
  2602 | D:4      | 2602 ||| Stepping ~*~*~tactically~*~*~ (outnumbered).
  2618 | D:4      | Reached skill level 3 in Fighting
  2766 | D:4      | Found a snail-covered altar of Cheibriados.
  2866 | D:4      | 2866 ||| Stepping ~*~*~tactically~*~*~ (stealth).
  2868 | D:4      | 2868 ||| Stepping ~*~*~tactically~*~*~ (hiding).
  3062 | D:4      | Found a large runed translucent door.
  3062 | D:4      | Found a large runed translucent door.
  3064 | D:4      | Noticed Gexab's ghost (amateur TeWr)
  3150 | D:4      | 3150 ||| READING scroll labelled TEYSHR TUMI.
  3151 | D:4      | 3151 ||| READING scroll labelled HAPLOL SUYTWE.
  3152 | D:4      | 3152 ||| DRINKING 3 lumpy inky potions.
  3153 | D:4      | 3153 ||| READING 2 scrolls of identify.
  3153 | D:4      | 3153 ||| IDENTIFYING dark potion
  3154 | D:4      | 3154 ||| DROPPING potion of attraction.
  3155 | D:4      | 3155 ||| DROPPING 2 potions of brilliance.
  3187 | D:4      | 3187 ||| Stepping ~*~*~tactically~*~*~ (stealth).
  3232 | D:4      | 3232 ||| READING scroll labelled KONWUV ZUADENG.
  3279 | D:5      | Entered Level 5 of the Dungeon
  3280 | D:5      | 3280 ||| Stepping ~*~*~tactically~*~*~ (hiding).
  3283 | D:5      | 3283 ||| Stepping ~*~*~tactically~*~*~ (hiding).
  3456 | D:5      | Reached skill level 9 in Unarmed Combat
  3492 | D:5      | Reached skill level 1 in Dodging
  3522 | D:5      | Reached XP level 8. HP: 74/75 MP: 8/8
  3583 | D:5      | Reached skill level 10 in Unarmed Combat
  3721 | D:5      | 3721 ||| Stepping ~*~*~tactically~*~*~ (outnumbered).
  3939 | D:5      | 3939 ||| Stepping ~*~*~tactically~*~*~ (outnumbered).
  3940 | D:5      | 3940 ||| Stepping ~*~*~tactically~*~*~ (outnumbered).
  3942 | D:5      | 3942 ||| Stepping ~*~*~tactically~*~*~ (outnumbered).
  3951 | D:5      | Noticed Pikel
  3952 | D:5      | 3952 ||| Stepping ~*~*~tactically~*~*~ (stealth).
  3953 | D:5      | 3953 ||| Stepping ~*~*~tactically~*~*~ (stealth).
  3956 | D:5      | 3956 ||| Stepping ~*~*~tactically~*~*~ (stealth).
  4022 | D:5      | Killed Pikel
  4023 | D:5      | Reached skill level 11 in Unarmed Combat
  4023 | D:5      | Reached XP level 9. HP: 81/84 MP: 9/9
  4165 | D:5      | 4165 ||| UPGRADING to +0 cloak.
  4170 | D:5      | 4170 ||| READING scroll labelled WEWNIRECI.
  4171 | D:5      | 4171 ||| DRINKING 2 sedimented puce potions.
  4194 | D:5      | 4194 ||| READING 3 scrolls of identify.
  4194 | D:5      | 4194 ||| IDENTIFYING murky purple potion
  4195 | D:5      | 4195 ||| READING 2 scrolls of identify.
  4195 | D:5      | 4195 ||| IDENTIFYING coppery potion
  4196 | D:5      | 4196 ||| DROPPING potion of lignification.
  4230 | D:6      | Noticed Prince Ribbit
  4260 | D:6      | Killed Prince Ribbit
  4307 | D:6      | 4307 ||| INVOKING Fiery Armour.
  4310 | D:6      | Reached skill level 12 in Unarmed Combat
  4511 | D:6      | 4511 ||| Stepping ~*~*~tactically~*~*~ (hiding).
  4514 | D:6      | 4514 ||| Stepping ~*~*~tactically~*~*~ (hiding).
  4614 | D:6      | 4614 ||| INVOKING Fiery Armour.
  4687 | D:6      | 4687 ||| Stepping ~*~*~tactically~*~*~ (stealth).
  4691 | D:6      | 4691 ||| Stepping ~*~*~tactically~*~*~ (outnumbered).
  4692 | D:6      | 4692 ||| STAIRDANCE
  4695 | D:5      | 4695 ||| UPGRADING to +0 kite shield.
  4700 | D:5      | 4700 ||| DRINKING 2 emerald potions.
  4739 | D:6      | 4739 ||| READING 2 scrolls of identify.
  4739 | D:6      | 4739 ||| IDENTIFYING bubbling black potion
  4740 | D:6      | 4740 ||| DROPPING potion of ambrosia.
  4754 | D:6      | HP: 21/88 [something (12)]
  4793 | D:6      | HP: 21/88 [something (8)]
  4795 | D:6      | HP: 2/88 [something (13)]
  4796 | D:6      | Engulfed by a cloud of flame

Levels and vault maps discovered:
D:1:      grunt_arrival_crossed_arrows, layout_loops_cross,
          hellmonk_ecumenical_altar_inner_sanctum
D:2:      layout_rooms, uniq_robin
D:3:      layout_loops_cross, serial_shops, shop
D:4:      minmay_thick_lines, layout_loops_ring,
          chequers_temple_overflow_statue_of_worship,
          nicolae_qazlal_general_emergency, ebering_ghost_disaster_area
D:5:      layout_loops_ring, uniq_pikel
D:6:      layout_gridville, minmay_temple_entry_enclosed_plants,
          lemuel_flamethrower_2, uniq_prince_ribbit1

Skill      XL: |  1  2  3  4  5  6  7  8  9 |
---------------+----------------------------+-----
Unarmed Combat | 4 5 6 8 9 11 12 | 12.1
Fighting       | 3 4 5 |  5.0
Dodging        | 1 |  1.4
Shields        | |  0.5
Spellcasting   | |  1.0
Fire Magic     | |  2.1

Action                   |  1- 3 |  4- 6 |  7- 9 || total
-------------------------+-------+-------+-------++-------
Melee: Unarmed           |   130 |   146 |   202 ||   478
       Punch             |     1 |     1 |     8 ||    10
Throw: Boomerang         |       |     5 |       ||     5
Invok: Fiery Armour      |     1 |     2 |     2 ||     5
  Use: Scroll            |     3 |     4 |     8 ||    15
       Potion            |     1 |     3 |     3 ||     7
Armor: Robe              |    31 |    43 |    26 ||   100
Dodge: Dodged            |    48 |    67 |    53 ||   168

Table legend:
 A = Non-vault XP
 B = Vault XP
 C = Vault XP percentage of total XP
 D = Non-vault monster count
 E = Vault monster count
 F = Vault count percentage of total count
                 A         B        C        D         E       F
            +---------+---------+-------+---------+---------+-------
      Total |    2978 |    1176 |  28.3 |     142 |      21 |  12.9
            +---------+---------+-------+---------+---------+-------
        D:1 |      43 |       0 |   0.0 |      28 |       0 |   0.0
        D:2 |      36 |      36 |  50.0 |      14 |      12 |  46.2
        D:3 |      81 |       0 |   0.0 |      20 |       0 |   0.0
        D:4 |     555 |     218 |  28.2 |      36 |       7 |  16.3
        D:5 |    1416 |     663 |  31.9 |      24 |       1 |   4.0
        D:6 |     847 |     259 |  23.4 |      20 |       1 |   4.8
            +---------+---------+-------+---------+---------+-------
